 Dungeon Crawl Stone Soup version 0.14-a0-519-g334afa2 (webtiles) character file.

461 Infinimo the Conjurer (level 6, -8/32 HPs)
             Began as a Tengu Conjurer on Nov 2, 2013.
             Mangled by an ice beast (10 damage)
             ... on Level 4 of the Dungeon.
             The game lasted 00:06:23 (3987 turns).

Infinimo the Conjurer (Tengu Conjurer)              Turns: 3987, Time: 00:06:23

HP  -8/32        AC  2     Str  8      XL: 6   Next:  6%
MP   0/11        EV 12     Int 18      God:
Gold 224         SH  0     Dex 14      Spells:  2 memorised,  2 levels left

Res.Fire  : + . .   See Invis. : .   w - +1 short sword
Res.Cold  : . . .   Warding    : .   a - +0 robe (curse)
Life Prot.: . . .   Conserve   : .   (no shield)
Res.Poison: .       Res.Corr.  : .   (helmet restricted)
Res.Elec. : .       Clarity    : .   (no cloak)
Sust.Abil.: . .     Spirit.Shd : .   (no gloves)
Res.Mut.  : .       Stasis     : .   (boots unavailable)
Res.Rott. : .       Flight     : .   (no amulet)
Saprovore : . . .                    (no ring)
                                     t - ring of protection from fire

@: slightly resistant to hostile enchantments, fairly stealthy
A: able to fly, beak, talons 3
a: Fly


You were on level 4 of the Dungeon.
You were near starving.

You visited 1 branch of the dungeon, and saw 4 of its levels.

You collected 224 gold pieces.

Inventory:

Hand weapons
 w - a +1,+1 short sword (weapon)
Armour
 a - a cursed +0 robe (worn)
Comestibles
 b - 3 bread rations
 g - a meat ration
 i - a choko
 k - a rotting chunk of worker ant flesh
 p - a pear
Scrolls
 f - a scroll of magic mapping
 h - a scroll of fog
 j - a scroll of identify
 m - a scroll of blinking {unknown}
 o - a scroll of enchant armour {unknown}
Jewellery
 d - an uncursed ring of magical power {unknown}
 n - a cursed ring of teleportation
 t - a ring of protection from fire (left hand)
Potions
 e - a potion of restore abilities
 l - a potion of speed {unknown}
 v - a potion of flight {unknown}
Books
 c - a book of Conjurations

   Spells                             Type                      Level
   *Magic Dart                        Conjuration                  1
   Searing Ray                        Conjuration                  2
   Dazzling Spray                     Conjuration/Hexes            3
   Iskenderun's Mystic Blast          Conjuration                  4
   *Iskenderun's Battlesphere         Conjuration/Charms           4
   Fulminant Prism                    Conjuration/Hexes            5


   Skills:
 - Level 2.1 Dodging
 - Level 2.0 Stealth
 - Level 1.0 Spellcasting
 + Level 8.5 Conjurations
 + Level 2.1 Charms


You had 2 spell levels left.
You knew the following spells:

 Your Spells              Type           Power        Failure   Level  Hunger
a - Magic Dart            Conj           ####         1%          1    ##.....
b - Iskenderun's Battles  Conj/Chrm      ###.....     24%         4    #####..


Dungeon Overview and Level Annotations

Branches:
Dungeon (4/27)
 Temple: D:4-7

Altars:


Innate Abilities, Weirdness & Mutations

You can fly.
You have a beak for a mouth.
You have claws for feet.


Message History

The ice beast is severely wounded.
The ice beast hits you. The ice beast freezes you!
Casting: Magic Dart
Confirm with . or Enter, or press ? or * to list all spells.
You don't have enough magic to cast that spell.
Casting: Magic Dart
Confirm with . or Enter, or press ? or * to list all spells.
You don't have enough magic to cast that spell.
Casting: Magic Dart
Confirm with . or Enter, or press ? or * to list all spells.
You don't have enough magic to cast that spell.
The ice beast is severely wounded.
The ice beast hits you. The ice beast freezes you!
* * * LOW HITPOINT WARNING * * *
You peck the ice beast, but do no damage.
The ice beast is severely wounded.
The ice beast hits you.
* * * LOW HITPOINT WARNING * * *
The ice beast freezes you!
You die...

#.# +<....# #.. #.# #.....#
... #.###.....# .#.# #
#.........#..... .#
######.(.......# .#
#..###..#.# .#+## #..# .#.#
....# #..# #I# ....# #..# .
#@# ###....# #..#.. #)#
#......# #.)#... #.#
#......# #).#...
#.###.....###.
#..#..%.#...'.........$
#####..###..#.#.#.%....%..
..
##.............#.#.....###.
.. #...........##.#.....#.#
.. #...........+..####).#.#
.


You could see an ice beast.

Vanquished Creatures
  A centaur skeleton (D:4)
  An orc wizard (D:3)
  A worker ant (D:4)
  3 adders
  An inept item mimic (D:3)
  A worm (D:3)
  3 oozes
  16 orcs
  10 goblins
  12 hobgoblins
  10 jackals
  7 kobolds
  A quokka (D:3)
  A ball python (D:3)
  12 bats
  4 giant newts
  A hobgoblin skeleton (D:3)
  10 rats
95 creatures vanquished.

Notes
Turn   | Place    | Note
--------------------------------------------------------------
     0 | D:1      | Infinimo, the Tengu Conjurer, began the quest for the Orb.
     0 | D:1      | Reached XP level 1. HP: 10/10 MP: 3/3
   258 | D:1      | Reached XP level 2. HP: 15/15 MP: 0/5
   363 | D:1      | Reached skill level 6 in Conjurations
   763 | D:1      | Reached XP level 3. HP: 19/19 MP: 2/6
  1620 | D:2      | Reached skill level 7 in Conjurations
  1742 | D:2      | Reached XP level 4. HP: 11/24 MP: 0/8
  2102 | D:2      | Learned a level 4 spell: Iskenderun's Battlesphere
  2501 | D:3      | Reached skill level 1 in Charms
  2570 | D:3      | Reached XP level 5. HP: 25/28 MP: 6/10
  2918 | D:3      | Reached skill level 8 in Conjurations
  3871 | D:4      | Reached XP level 6. HP: 29/32 MP: 3/11
  3975 | D:4      | Noticed an ice beast
  3987 | D:4      | Mangled by an ice beast

Action                   |  1- 3 |  4- 6 || total
-------------------------+-------+-------++-------
Melee: Unarmed           |    31 |     3 ||    34
       Short sword       |       |     6 ||     6
 Cast: Magic Dart        |    78 |   128 ||   206
  Use: Scroll            |       |    13 ||    13
